 Dungeon Crawl Stone Soup version 0.31-a0-237-g2d982f9f85 (webtiles) character file.

Game seed: 16944705974325437343

52 qw the Shooter (level 3, 0/21 HPs)
             Began as a Gargoyle Hexslinger on July 11, 2023.
             Shot with an arrow by a centaur (4 damage)
             ... on level 3 of the Dungeon.
             The game lasted 00:00:32 (1170 turns).

qw the Shooter (Gargoyle Hexslinger)                Turns: 1170, Time: 00:00:32

Health: 0/21       AC:  6    Str: 11    XL:     3   Next: 85%
Magic:  4/4        EV: 12    Int: 13    God:
Gold:   61         SH:  0    Dex: 14    Spells: 3/4 levels left

rFire   . . .        Y - +1 sling
rCold   . . .        (no shield)
rNeg    + . .        c - +0 robe
rPois   inf          (no helmet)
rElec   +            (no cloak)
rCorr   .            f - +0 pair of gloves
SInv    +            (no boots)
Will    .....        (no amulet)
Stlth   +            b - ring of see invisible
HPRegen 0.23/turn    (no ring)
MPRegen 0.09/turn

%: no passive effects
@: about to teleport
A: sickness immunity, AC +3, negative energy resistance 1, electricity
resistance, torment resistance 1, petrification resistance
a: no special abilities


You were on level 3 of the Dungeon.
You visited 1 branch of the dungeon, and saw 3 of its levels.

You collected 61 gold pieces.


Innate Abilities, Weirdness & Mutations

You are immune to sickness and miasma.
Your stone body is resilient. (AC +3)
You are immune to poison.
You resist negative energy. (rN+)
You are resistant to electric shocks. (rElec)
You are resistant to unholy torment.
You are immune to petrification.


   Skills:
 - Level 2.0 Fighting
 + Level 3.7 Ranged Weapons
 - Level 1.5 Dodging
 - Level 1.0 Spellcasting
 - Level 2.6 Hexes


You had 3 spell levels left.
You knew the following spells:

 Your Spells              Type           Power      Damage    Failure   Level
a - Slow                  Hex            28%        N/A       10%         1

Your spell library contained the following spells:

 Spells                   Type           Power      Damage    Failure   Level
 Inner Flame              Hex/Fire       4%         N/A       43%         3
 Portal Projectile        Hex/Tloc       8%         N/A       43%         3
 Cause Fear               Hex            3%         N/A       67%         4

Inventory:

Hand Weapons
 Y - a +1 sling (weapon)
Armour
 c - a +0 robe (worn)
 f - a +0 pair of gloves (worn)
Jewellery
 b - a ring of see invisible (left hand)
Scrolls
 e - a scroll of teleportation
Potions
 a - a potion of curing {unknown}
 d - a potion of haste {unknown}
 g - a potion of heal wounds {unknown}
 h - a potion of enlightenment {unknown}

Dungeon Overview and Level Annotations

Branches:
Dungeon (3/15)

Altars:

Shops:
D:2 [


Message History

You shoot a sling bullet. The sling bullet hits the worm.
The worm is moderately wounded.
You shoot a sling bullet.
The sling bullet barely misses the worm.
The worm barely misses you.
You shoot a sling bullet. The sling bullet hits the worm.
The worm is heavily wounded.
You shoot a sling bullet. The sling bullet hits the worm.
The worm is almost dead.
The worm bites you.
You shoot a sling bullet. The sling bullet hits the worm!
You kill the worm!
You start resting.
HP restored.
Things that are here:
a worm corpse; a hobgoblin corpse You now have enough gold to buy a leather armour on D:2.
You can access your shopping list by pressing '$'.
You now have 61 gold pieces (gained 9).
h - a silvery potion
Found an escape hatch in the floor.
There is an escape hatch in the floor here.
Found a whip.
An adder and a centaur come into view.
The centaur shouts!
The centaur wields a +0 shortbow.
The centaur shoots an arrow.
The arrow hits you!
Ouch! That really hurt!
The adder hisses angrily.
You shoot a sling bullet. The sling bullet hits the adder!
The adder is severely wounded.
The centaur shoots an arrow.
The arrow hits you.
1169 ||| READING 2 scrolls of teleportation.
As you read the scroll of teleportation, it crumbles to dust.
You feel strangely unstable. The adder barely misses you.
You shoot a sling bullet. The sling bullet hits the adder.
You kill the adder!
The centaur shoots an arrow.
The arrow hits you.
You die...

#..#.##. #..#.##.
#....... #....... ###
####.### ##.## #.# .
##.#.#######.#
#...#####.#..........#
.).c..%@...>.#########
.......##...## .......
##### ....... #...###
.... #.. ##


You could see a centaur.

Vanquished Creatures
  2 adders
  A worm (D:3)
  5 ball pythons
  4 endoplasms
  2 giant cockroaches (D:1)
  4 goblins
  7 hobgoblins
  A kobold (D:1)
  A quokka (D:2)
  4 bats (D:1)
  3 frilled lizards (D:2)
  3 rats
37 creatures vanquished.

Notes
Turn   | Place    | Note
-------+----------+-------------------------------------------
     0 | D:1      | qw the Gargoyle Hexslinger began the quest for the Orb.
     0 | D:1      | Reached XP level 1. HP: 12/12 MP: 2/2
     0 | D:1      | 0 ||| qw: Version: 0.3-a-52-g30416fa
     0 | D:1      | 0 ||| qw: Game counter: 5832
     0 | D:1      | 0 ||| qw: Melee chars always use a shield: true
     0 | D:1      | 0 ||| qw: God list: Okawaru
     0 | D:1      | 0 ||| qw: Allow faded altars: false
     0 | D:1      | 0 ||| qw: Do Orc after clearing Dungeon:15 true
     0 | D:1      | 0 ||| qw: Do second Lair branch before Depths: true
     0 | D:1      | 0 ||| qw: Lair rune preference: random
     0 | D:1      | 0 ||| qw: Goals: Normal
     0 | D:1      | 0 ||| PLANNING D:1-11
    97 | D:1      | Reached XP level 2. HP: 12/16 MP: 3/3
   249 | D:1      | Reached skill level 3 in Ranged Weapons
   532 | D:1      | Found a faded altar of an unknown god.
   534 | D:1      | 534 ||| READING scroll labelled BUPTUW COLA.
   535 | D:1      | 535 ||| READING scroll labelled QOTSAY WUGGITTAV.
   538 | D:1      | 538 ||| READING scroll labelled TUYMIDETWE.
   539 | D:1      | 539 ||| READING scroll labelled TUEDEL ZOILI.
   640 | D:1      | 640 ||| DROPPING scroll of poison.
   666 | D:2      | Reached XP level 3. HP: 14/21 MP: 4/4
  1036 | D:2      | Found Suuzaxuy's Antique Armour Boutique.
  1044 | D:2      | 1044 ||| SHOPLISTING leather armour (54 gold, have 52).
  1044 | D:2      | 1044 ||| SHOPLISTING pair of boots (121 gold, have 52).
  1044 | D:2      | 1044 ||| SHOPLISTING pair of runed gloves (202 gold, have
                  | 52).
  1044 | D:2      | 1044 ||| SHOPLISTING ring mail (108 gold, have 52).
  1044 | D:2      | 1044 ||| UPGRADING to +0 pair of gloves.
  1049 | D:2      | 1049 ||| UPGRADING to ring of see invisible.
  1050 | D:2      | 1050 ||| READING scroll labelled RUETOE MEIX BEMI.
  1167 | D:3      | Noticed a centaur
  1168 | D:3      | HP: 4/21 [centaur/arrow (5)]
  1169 | D:3      | 1169 ||| READING 2 scrolls of teleportation.
  1170 | D:3      | Shot with an arrow by a centaur

Levels and vault maps discovered:
D:1:      nicolae_arrival_washed_ashore, layout_rooms,
          hellmonk_ecumenical_altar_inner_sanctum
D:2:      layout_basic, serial_shops, shop, chequers_serial_rivers_micro_c
D:3:      layout_loops_cross, uniq_ijyb

Skill      XL: |  1  2 |
---------------+-------+-----
Ranged Weapons | 3 |  3.7
Fighting       | 2 |  2.0
Dodging        | |  1.5
Spellcasting   | |  1.0
Hexes          | |  2.6

Action                     || total
---------------------------++-------
   Fire: Sling             ||   113
    Use: Scroll            ||     6
 Armour: Robe              ||    18
  Dodge: Dodged            ||    38

Table legend:
 A = Non-vault XP
 B = Vault XP
 C = Vault XP percentage of total XP
 D = Non-vault monster count
 E = Vault monster count
 F = Vault count percentage of total count
                 A         B        C        D         E       F
            +---------+---------+-------+---------+---------+-------
      Total |      89 |       0 |   0.0 |      37 |       0 |   0.0
            +---------+---------+-------+---------+---------+-------
        D:1 |      33 |       0 |   0.0 |      20 |       0 |   0.0
        D:2 |      35 |       0 |   0.0 |      14 |       0 |   0.0
        D:3 |      21 |       0 |   0.0 |       3 |       0 |   0.0
            +---------+---------+-------+---------+---------+-------
